 Dungeon Crawl Stone Soup version 0.30-a0-371-gad7725a93e (webtiles) character file.

Game seed: 7420487731145465943

263 leviel the Chopper (level 6, -12/51 HPs)
             Began as a Hill Orc Fighter on Nov 22, 2022.
             Was a Follower of Zin.
             Killed by divine providence
             ... invoked by an orc priest
              (15 damage)
             ... on level 4 of the Dungeon.
             The game lasted 00:03:38 (2293 turns).

leviel the Chopper (Hill Orc Fighter)               Turns: 2293, Time: 00:03:39

Health: -12/51     AC:  6    Str: 21    XL:     6   Next: 19%
Magic:  7/8        EV:  9    Int:  8    God:    Zin [*.....]
Gold:   75         SH:  4    Dex: 10    Spells: 5/5 levels left

rFire   . . .      SeeInvis .    a - +0 war axe
rCold   . . .      Faith    .    c - +0 buckler
rNeg    . . .      Spirit   .    b - +0 scale mail
rPois   .          Reflect  .    (no helmet)
rElec   .          Harm     .    (no cloak)
rCorr   .          Rampage  .    (no gloves)
Will    .....                    (no boots)
Stlth   ..........               (no amulet)
HPRegen 0.28/turn                n - +4 ring of slaying
MPRegen 0.11/turn                q - ring of flight

@: flying
A: no striking features
a: Renounce Religion, Convert to Beogh, Recite, Donate Gold


You were on level 4 of the Dungeon.
You worshipped Zin.
Zin was aware of your devotion.
You visited 1 branch of the dungeon, and saw 4 of its levels.

You collected 233 gold pieces.
You spent 150 gold pieces at shops.
You donated 8 gold pieces to Zin.

Inventory:

Hand Weapons
 a - a +0 war axe (weapon)
Armour
 b - a +0 scale mail (worn)
 c - a +0 buckler (worn)
Jewellery
 n - a +4 ring of slaying (left hand)
 q - a ring of flight (right hand)
 r - a ring of protection from fire
 w - an amulet of reflection
Scrolls
 j - a scroll of teleportation
 m - a scroll of blinking
Potions
 d - a potion of might
 e - a potion of invisibility
 f - 2 potions of brilliance
 i - a potion of flight {unknown}
 k - a potion of degeneration {unknown}
 o - 2 potions of curing
 p - 2 potions of berserk rage {unknown}
 t - a potion of haste {unknown}


   Skills:
 - Level 3.6 Fighting
 * Level 7.7 Axes
 - Level 3.2 Armour
 - Level 3.2 Shields
 + Level 2.8 Invocations


You had 5 spell levels left.
You didn't know any spells.
Your spell library contained the following spells:

 Spells                   Type           Power      Damage    Failure   Level
 Apportation              Tloc           0%         N/A       83%         1
 Necrotise                Necr           0%         1d4       83%         1
 Sandblast                Erth           0%         2d4       83%         1
 Summon Small Mammal      Summ           0%         N/A       83%         1
 Cigotuvi's Dreadful Rot  Necr/Pois/Air  0%         N/A       93%         2
 Passwall                 Tmut/Erth      0%         N/A       93%         2
 Poisonous Vapours        Pois/Air       0%         N/A       93%         2
 Stone Arrow              Conj/Erth      0%         3d7       99%         3
 Olgreb's Toxic Radiance  Pois           0%         N/A       100%        4


Dungeon Overview and Level Annotations

Branches:
Dungeon (4/15)
 Temple: D:4-7

Altars:
Makhleb
Wu Jian
Xom
Zin

Shops:
D:2 *   D:3 (


Message History

The orc priest hits you with a +0 dagger of flaming.
The orc priest burns you. The orc completely misses you.
The orc hits you with a +1 short sword of speed.
The orc priest shouts, "Beogh is our master!
Accept the truth or die!"
You closely miss the orc wizard.
The orc wizard is heavily wounded.
The orc priest threatens, "By the altar or by the axe, you will meet Beogh!"
You hit the orc priest but do no damage.
You barely miss the orc. The orc completely misses you.
The orc priest barely misses you.
The orc wizard hits you with a +0 dagger.
The orc hits you from afar with a +0 trident.
The orc hits you but does no damage.
You bump into the rock wall.
You feel less confused.
The orc wizard points at you and mumbles some strange words.
The puff of flame hits you! You block the orc priest's attack.
The orc hits you from afar with a +0 trident!
The orc hits you but does no damage.
You closely miss the orc priest. You hit the orc.
You kill the orc!
You slash the orc wizard!
You kill the orc wizard!
The orc priest hits you but does no damage.
You block the orc's attack. x2
The orc priest hits you but does no damage.
The orc hits you with a +0 flail.
* * * LOW HITPOINT WARNING * * *
You hit the orc priest.
The orc priest is heavily wounded.
You hit the orc. The orc barely misses you. You block the orc's attack.
The orc priest mumbles some strange prayers to Beogh against you.
Beogh smites you!
* * * LOW HITPOINT WARNING * * *
It was a potion of curing.
You feel better. The orc hits you with a +0 flail.
* * * LOW HITPOINT WARNING * * *
The orc closely misses you.
The orc priest calls down the wrath of Beogh upon you.
Beogh smites you!
You die...

.# .# .# .# ## o...... #
........ ## ########
........ .#
##........##....... ^##
#.........)@#....... ..##
....######oo#.......
...##.#..######lgo..g..l.
......#....##......#####
##...##....##......#
###..##...#####....#
#..##....####....#
#................#
#...#####....†#.##


You could see an iguana, an orc priest, 2 orcs and a hobgoblin.

Vanquished Creatures
  A necrophage (D:4)
  An orc priest (D:4)
  2 orc wizards (D:4)
  2 adders (D:2)
  3 worms
  4 dart slugs
  10 orcs
  8 endoplasms
  2 giant cockroaches
  4 goblins
  3 hobgoblins
  12 jackals
  5 kobolds
  2 quokkas (D:3)
  4 ball pythons
  2 bats (D:1)
  7 frilled lizards
  6 rats
78 creatures vanquished.

Notes
Turn   | Place    | Note
-------+----------+-------------------------------------------
     0 | D:1      | leviel the Hill Orc Fighter began the quest for the Orb.
     0 | D:1      | Reached XP level 1. HP: 19/19 MP: 1/1
    69 | D:1      | Reached skill level 3 in Axes
    78 | D:1      | Reached XP level 2. HP: 26/26 MP: 2/2
   211 | D:1      | Reached skill level 4 in Axes
   615 | D:2      | Reached XP level 3. HP: 31/31 MP: 3/3
   650 | D:2      | Reached skill level 5 in Axes
   954 | D:2      | Reached XP level 4. HP: 39/39 MP: 4/4
  1160 | D:2      | Found Qigiados's Assorted Antiques.
  1163 | D:2      | Bought a twisted agate ring for 150 gold pieces
  1245 | D:3      | Found Foilesm's Weapon Shop.
  1322 | D:3      | Reached skill level 6 in Axes
  1735 | D:3      | Found a shimmering altar of Xom.
  1735 | D:3      | Found a glowing silver altar of Zin.
  1736 | D:3      | Found a burning altar of Makhleb.
  1743 | D:3      | Became a worshipper of Zin the Law-Giver
  1849 | D:4      | Found an ornate altar of the Wu Jian Council.
  1899 | D:4      | Reached * piety under Zin
  1921 | D:4      | Reached XP level 5. HP: 45/45 MP: 5/5
  1946 | D:4      | Got the Vellum of Venom
  1995 | D:4      | Reached skill level 1 in Invocations
  2147 | D:4      | Reached skill level 7 in Axes
  2282 | D:4      | Reached XP level 6. HP: 43/51 MP: 7/7
  2292 | D:4      | HP: 1/51 [orc priest/divine providence (13)]
  2293 | D:4      | Killed from afar by an orc priest

Illustrated notes

Levels and vault maps discovered:
D:1:      wander_arrival_chamber, layout_loops_cross
D:2:      layout_rooms, serial_shops, nicolae_shop_behind_doors,
          minmay_pentomino_pile
D:3:      wander_river, layout_rooms, gammafunk_temple_overflow_claw,
          serial_shops, shop_fountains
D:4:      layout_layer_cave, lemuel_tele_altar, minmay_misc_feat_doors,
          kennysheep_nub, hangedman_decor_growths

Skill      XL: |  1  2  3  4  5 |
---------------+----------------+-----
Axes           | 3 4 5 6 7 |  7.7
Invocations    | 2 |  2.8
Fighting       | |  3.6
Armour         | |  3.2
Shields        | |  3.2

Action                   |  1- 3 |  4- 6 || total
-------------------------+-------+-------++-------
Melee: War axe           |    90 |    99 ||   189
  Use: Scroll            |       |     9 ||     9
       Potion            |       |     1 ||     1
Armor: Scale mail        |    40 |    48 ||    88
Dodge: Dodged            |    40 |    45 ||    85
Block: Buckler           |    25 |    23 ||    48

Table legend: (Time is in decaauts)
 A = Elapsed time spent in this place.
 B = Non-inter-level travel time spent in this place.
 C = Inter-level travel time spent in this place.
 D = Time resting spent in this place.
 E = Time spent auto-exploring this place.
 F = Levels seen in this place.
 G = Mean time per level.
                   A        B        C        D        E       F      G
               +--------+--------+--------+--------+--------+-----+--------+
         Total |   2345 |   2264 |     81 |    236 |   1516 |   4 |  586.2 |
       Dungeon |   2345 |   2264 |     81 |    236 |   1516 |   4 |  586.2 |
               +--------+--------+--------+--------+--------+-----+--------+

Top non-repeatable levels by time:
     D:2: 631 daAuts
     D:1: 622 daAuts
     D:3: 554 daAuts
     D:4: 538 daAuts
